 Dungeon Crawl Stone Soup version 0.27.0-66-gdc8fb28755 (webtiles) character file.

Game seed: 7634991068435967752

4555 Malachi the Fighter (level 10, -4/110 HPs)
             Began as a Troll Berserker on Aug 20, 2021.
             Was a Priest of Trog.
             Slain by Grum (11 damage)
             ... on level 8 of the Dungeon.
             The game lasted 00:10:08 (5678 turns).

Malachi the Fighter (Troll Berserker)               Turns: 5678, Time: 00:10:08

Health: -4/110     AC: 11    Str: 30    XL:     10   Next: 18%
Magic:  9/9        EV: 10    Int:  3    God:    Trog [***...]
Gold:   379        SH:  0    Dex:  9    Spells: 9/9 levels left

rFire    . . .     SeeInvis .   l - +4 giant spiked club (freeze)
rCold    . . .     Faith    .   (shield currently unavailable)
rNeg     . . .     Spirit   .   z - +0 steam dragon scales
rPois    .         Reflect  .   (helmet restricted)
rElec    .         Harm     .   (no cloak)
rCorr    .         Rampage  .   (gloves unavailable)
Will     ++...                  (boots unavailable)
Stlth    +.........             (no amulet)
HPRegen  2.28/turn              m - +4 ring of protection
MPRegen  0.11/turn              (no ring)

@: strong-willed, regenerating, studying Fighting
A: large, unfitting armour, claws 3, regeneration 1, shaggy fur 1, tough skin 1
a: Renounce Religion, Berserk, Trog's Hand


You were on level 8 of the Dungeon.
You worshipped Trog.
Trog was most pleased with you.
You visited 1 branch of the dungeon, and saw 8 of its levels.
You also visited: Bailey.

You collected 501 gold pieces.
You spent 122 gold pieces at shops.

Inventory:

Hand Weapons
 l - a +4 giant spiked club of freezing (weapon)
Missiles
 q - 4 throwing nets (quivered)
Armour
 i - a +0 tower shield of reflection
 s - a scarf of invisibility
 u - a +0 kite shield
 z - +0 steam dragon scales (worn)
Jewellery
 k - a ring of flight
 m - a +4 ring of protection (left claw)
 n - a +6 ring of strength
 v - an amulet of magic regeneration
 y - a ring of positive energy
Wands
 o - a wand of charming (8)
Scrolls
 a - 4 scrolls of identify
 d - a scroll of fear
 f - 2 scrolls of magic mapping
 g - a scroll of fog
 j - 3 scrolls of silence
Potions
 b - a potion of flight {unknown}
 c - 2 potions of haste
 e - a potion of magic
 h - 2 potions of ambrosia {unknown}
 p - a potion of degeneration {unknown}
 w - a potion of resistance {unknown}


   Skills:
 * Level 10.1 Fighting
 * Level 7.4 Maces & Flails
 - Level 2.4 Dodging
 - Level 9.9 Unarmed Combat


You had 9 spell levels left.
You didn't know any spells.
Your spell library was empty.

Dungeon Overview and Level Annotations

Branches:
Dungeon (8/15)             Temple (0/1) D:7          Bailey (visited)
   Lair: D:8-11

Altars:
Cheibriados
Dithmenos
Gozag
Kikubaaqudgha

Shops:
D:5 (

Annotations:
D:8 Grum


Innate Abilities, Weirdness & Mutations

You are too large for most types of armour.
You have claws for hands.
Your natural rate of healing is unusually fast.
You are covered in fur. (AC +1)
You have tough skin. (AC +1)


Message History

You are too injured to fight recklessly!
You feel very sick.
Something unseen opens the door.
The jelly jiggles.
The killer bee closely misses you.
You barely miss the killer bee.
You feel very sick.
The killer bee stings you but does no damage.
The killer bee barely misses you.
The killer bee stings you but does no damage.
The killer bee closely misses you.
You miss the killer bee.
You feel very sick.
The killer bee stings you but does no damage.
The killer bee barely misses you.
The killer bee stings you but does no damage.
The killer bee misses you.
Grum hits you from afar with a -2 spear!
The killer bee stings you.
You are more poisoned.
The killer bee poisons you!
The killer bee stings you but does no damage.
Grum hits you from afar with a -2 spear!
* * * LOW HITPOINT WARNING * * *
You feel better. The killer bee barely misses you.
The killer bee stings you but does no damage.
The killer bee misses you. The killer bee stings you.
* * * LOW HITPOINT WARNING * * *
Grum hits you from afar with a -2 spear!
* * * LOW HITPOINT WARNING * * *
Your skin crawls.
You feel strong-willed.
You can no longer call in reinforcements.
The killer bee stings you but does no damage.
The killer bee stings you!
* * * LOW HITPOINT WARNING * * *
The killer bee barely misses you.
The killer bee stings you but does no damage.
Grum hits you from afar with a -2 spear!
You die...

######### #.#....
###....... ......
#........# #...
#........# #...
........######+##...
.......##.......###
####g#yJ.# #.......###
#....#y# #.......#..
#....@y#.###.......#.#
#....................#
#....###.#######.###.#
#....# .........#....
#....# .######......
#....# .# #.#####
#...)# # #.#
####.###+#######.#####
###.................#


You could see Grum, a jelly and 3 killer bees.

Vanquished Creatures
  Harold (D:7)
  Pikel (D:4)
  A steam dragon (D:6)
  5 orc warriors (Bailey)
  A necrophage (D:7)
  2 black bears
  A hornet zombie (D:7)
  4 ogres
  3 wolves (D:8)
  A phantom (D:5)
  2 centaurs (D:4)
  2 lemures (D:4)
  A kobold brigand (D:7)
  A bullfrog (D:7)
  A water moccasin zombie (D:6)
  2 water moccasin skeletons
  A killer bee (D:8)
  8 wights
  2 centaur zombies (D:5)
  2 bullfrog skeletons (D:6)
  A hound (D:3)
  3 jellies
  5 iguanas
  A killer bee zombie (D:7)
  A hound skeleton (D:4)
  8 gnolls
  A howler monkey zombie (D:6)
  3 adders
  A white imp (D:7)
  An ufetubus (D:4)
  A dart slug (D:4)
  18 orcs
  3 bats
  3 endoplasms
  A giant cockroach (D:2)
  10 goblins
  6 hobgoblins
  7 jackals
  6 quokkas
  9 ball pythons
  6 frilled lizards
  8 kobolds
  3 rats
148 creatures vanquished.

Vanquished Creatures (collateral kills)
  3 kobolds (D:7)
3 creatures vanquished.

Vanquished Creatures (others)
  An orc knight (Bailey)
  4 plants (D:5)
5 creatures vanquished.

Grand Total: 156 creatures vanquished

Notes
Turn   | Place    | Note
-------+----------+-------------------------------------------
     0 | D:1      | Malachi the Troll Berserker began the quest for the Orb.
     0 | D:1      | Reached XP level 1. HP: 22/22 MP: 0/0
   320 | D:1      | Reached XP level 2. HP: 29/29 MP: 1/1
   792 | D:2      | Found a faded altar of an unknown god.
   844 | D:2      | Reached XP level 3. HP: 35/36 MP: 2/2
   949 | D:2      | Reached ** piety under Trog
  1171 | D:2      | Reached skill level 5 in Unarmed Combat
  1171 | D:2      | Reached XP level 4. HP: 40/44 MP: 3/3
  1673 | D:3      | Reached XP level 5. HP: 50/50 MP: 4/4
  2079 | D:4      | Noticed Pikel
  2079 | D:4      | Noticed a lemure
  2079 | D:4      | Noticed a lemure
  2079 | D:4      | Noticed a lemure
  2079 | D:4      | Noticed a lemure
  2083 | D:4      | Killed a lemure
  2093 | D:4      | Killed a lemure
  2101 | D:4      | Killed Pikel
  2102 | D:4      | Reached XP level 6. HP: 34/59 MP: 5/5
  2102 | D:4      | Reached XP level 7. HP: 38/66 MP: 6/6
  2883 | D:5      | Entered Level 5 of the Dungeon
  2909 | D:5      | Found Qeyt's Antique Weapon Shop.
  2926 | D:5      | Bought a glowing giant spiked club for 122 gold pieces
  3149 | D:5      | Reached XP level 8. HP: 67/74 MP: 7/7
  3363 | D:5      | Found an opulent altar of Gozag.
  3400 | D:5      | Reached skill level 3 in Fighting
  3400 | D:5      | Reached skill level 1 in Maces & Flails
  3620 | D:5      | Found a shadowy altar of Dithmenos.
  4118 | D:6      | Reached skill level 4 in Fighting
  4128 | D:6      | Reached *** piety under Trog
  4153 | D:6      | Reached skill level 5 in Fighting
  4355 | D:6      | Reached skill level 6 in Fighting
  4368 | D:6      | Found a snail-covered altar of Cheibriados.
  4618 | D:7      | Found a staircase to the Ecumenical Temple.
  4659 | D:7      | Reached XP level 9. HP: 83/91 MP: 8/8
  4696 | D:7      | Noticed Harold
  4711 | D:7      | Killed Harold
  4712 | D:7      | Reached skill level 7 in Fighting
  4712 | D:7      | Reached skill level 5 in Maces & Flails
  4799 | D:7      | Reached skill level 8 in Fighting
  4842 | D:7      | Found an ancient bone altar of Kikubaaqudgha.
  4918 | D:7      | You fall into a shaft and drop 1 floor!
  4945 | D:8      | Reached skill level 9 in Fighting
  5041 | D:8      | Found a flagged portal.
  5063 | Bailey   | Entered a bailey
  5306 | Bailey   | Noticed an orc knight
  5306 | Bailey   | Noticed an orc knight
  5321 | Bailey   | Reached **** piety under Trog
  5337 | Bailey   | Reached XP level 10. HP: 94/110 MP: 9/9
  5370 | Bailey   | Found the +8 orange crystal plate armour {Archmagi, Int+3
                  | Clar}
  5663 | D:8      | Noticed Grum
  5670 | D:8      | Reached skill level 10 in Fighting
  5678 | D:8      | Slain by Grum

Illustrated notes

Levels and vault maps discovered:
D:1:      tarquinn_simple_flora_water_e, layout_loops_ring, serial_bayou_pond_e,
          patterned_corridor
D:2:      layout_basic, shapermc_ecumenical_altar_mp_highgroup,
          columned_hall_lemuel, minmay_pentomino_pile
D:3:      layout_rooms, minmay_misc_feat_square, corexii_leaking_fountain
D:4:      layout_basic, hangedman_decor_points, minmay_manual_mares, uniq_pikel
D:5:      layout_layer_cave, grunt_dithmenos_smoke_and_mirrors,
          nicolae_overflow_crystal_walls, serial_shops, nicolae_shop_waterfront,
          serial_bayou_crossing
D:6:      layout_basic, mainiacjoe_overflow_catwalk, nicolae_sextant
D:7:      layout_rooms, kennysheep_little_box, minmay_temple_entry_junction_2,
          uniq_harold
D:8:      layout_basic, enter_bailey_5, uniq_grum

Skill      XL: |  1  2  3  4  5  6  7  8  9 10 |
---------------+-------------------------------+-----
Unarmed Combat | 4 5 8 9 |  9.9
Fighting       | 6 9 10 | 10.1
Maces & Flails | 4 7 |  7.4
Dodging        | |  2.4

Action                   |  1- 3 |  4- 6 |  7- 9 | 10-12 || total
-------------------------+-------+-------+-------+-------++-------
Melee: Unarmed           |    78 |    61 |    28 |       ||   167
       Punch             |     1 |     3 |     1 |       ||     5
       Giant spiked club |       |       |   156 |    16 ||   172
Throw: Throwing net      |       |       |     1 |       ||     1
Invok: Berserk           |       |     1 |     3 |       ||     4
       Trog's Hand       |       |       |       |     1 ||     1
Evoke: Wand              |       |       |    15 |       ||    15
  Use: Scroll            |       |     6 |     5 |       ||    11
       Potion            |       |     5 |       |     1 ||     6
Armor: Animal skin       |    29 |    15 |       |       ||    44
       Robe              |       |       |    72 |       ||    72
       Steam dragon scal |       |       |    89 |    32 ||   121
Dodge: Dodged            |    32 |    33 |   189 |    39 ||   293
